 Dungeon Crawl Stone Soup version 0.29.1-1-gd02db6906a (webtiles) character file.

Game seed: 1966922687356097546

67 MisterFreud the Twirler (level 4, -2/33 HPs)
             Began as a Formicid Gladiator on Oct 2, 2022.
             Slain by Crazy Yiuf
             ... wielding a +2 quarterstaff of chaos
              (5 damage)
             ... on level 2 of the Dungeon.
             The game lasted 00:02:51 (1912 turns).

MisterFreud the Twirler (Formicid Gladiator)        Turns: 1912, Time: 00:02:51

Health: -2/33      AC:  3    Str: 21    XL:     4   Next: 40%
Magic:  0/4        EV: 12    Int:  7    God:
Gold:   91         SH:  0    Dex: 15    Spells: 3/3 levels left

rFire   . . .      SeeInvis +   a - +1 quarterstaff
rCold   . . .      Faith    .   (no shield)
rNeg    . . .      Spirit   .   b - +0 leather armour
rPois   .          Reflect  .   (helmet unavailable)
rElec   .          Harm     .   (no cloak)
rCorr   .          Rampage  .   (no gloves)
Will    .....                   (no boots)
Stlth   +.........              (no amulet)
HPRegen 0.11/turn               (no ring)
MPRegen 0.09/turn               (no ring)

@: lethally poisoned (-2 -> -11), attractive
A: permanent stasis, dig shafts and tunnels, antennae 3, four strong arms
a: Dig, Shaft Self


You were on level 2 of the Dungeon.
You visited 1 branch of the dungeon, and saw 2 of its levels.

You collected 91 gold pieces.

Inventory:

Hand Weapons
 a - a +1 quarterstaff (weapon)
 j - the +7 hammer of the Sun {drain, Fly rF- Str-5 Stlth+}
   (You took it off a goblin on level 2 of the Dungeon)

   A truly terrible weapon, it drains the life of any living foe it strikes.
   Str:       It affects your strength (-5).
   rF:        It makes you vulnerable to fire.
   Fly:       It grants you flight.
   Stlth:     It makes you more stealthy.
Missiles
 c - 3 throwing nets
 d - a javelin
 h - 2 boomerangs (quivered)
Armour
 b - a +0 leather armour (worn)
Scrolls
 e - a scroll of identify {unknown}
 f - a scroll of teleportation {unknown}


   Skills:
 - Level 2.1 Fighting
 + Level 4.9 Staves
 - Level 2.0 Throwing
 - Level 2.6 Dodging


You had 3 spell levels left.
You didn't know any spells.
Your spell library was empty.

Dungeon Overview and Level Annotations

Branches:
Dungeon (2/15)

Altars:

Shops:
D:2 [

Annotations:
D:2 Crazy Yiuf


Innate Abilities, Weirdness & Mutations

You cannot be hasted, slowed, berserked, paralysed or teleported.
You can dig through walls and to a lower floor.
You have a pair of large antennae on your head. (SInv)
Your four strong arms can wield two-handed weapons with a shield.


Message History

Found five hammers.
Found a runed translucent door.
You see here a +0 hammer.
Found a hammer.
Crazy Yiuf shouts!
Crazy Yiuf whimpers, "Snoogle noodlescoop rumpyflump!"
You see here a +0 hammer.
You see here a +0 hammer of venom.
Found two hammers and a glowing hammer.
Crazy Yiuf yells, "Sif Muna!
Hah arga broken."
You see here a +1 hammer of protection.
As you open the door, it creaks loudly!
You barely miss Crazy Yiuf.
Crazy Yiuf hits you with a +2 quarterstaff of chaos.
You are poisoned.
You sock Crazy Yiuf!
Crazy Yiuf is severely wounded.
You feel sick.
Crazy Yiuf hits you with a +2 quarterstaff of chaos!
You feel your power leaking away.
Crazy Yiuf screams, "Ice!"
Crazy Yiuf hits you with a +2 quarterstaff of chaos!
* * * LOW HITPOINT WARNING * * *
Crazy Yiuf draws strength from your wounds!
It was a potion of attraction.
You feel attractive to monsters.
* * * LOW HITPOINT WARNING * * *
You feel sick.
Crazy Yiuf laughs, "Action!
Gum King Xom."
Crazy Yiuf closely misses you.
It was a potion of heal wounds.
You feel much better.
You feel sick.
Crazy Yiuf whimpers, "Gum!
Castle illywillydillykilly rumpyflump."
Crazy Yiuf hits you with a +2 quarterstaff of chaos!
You are more poisoned.
Are you sure you want to shaft yourself?
You feel sick.
Crazy Yiuf says, "Rot noodlescoop tortoise!"
Crazy Yiuf hits you with a +2 quarterstaff of chaos!
* * * LOW HITPOINT WARNING * * *
Crazy Yiuf freezes you.
You die...

.............+...................
...#........##...................
...#.............................
...##....################........
.........# #........ .........#
#######.#...... .........# ###
###)#)..#.......[ .........#
#)))##))#)............ [...##...#
#.))g@####.......###.. ....##+#.#
#)))### ##..#........ .........#
### ####........ .........#
#........ .........# #.......#
........#################........
........'.##.........##....#.....
........#.##...............#.....
....#####.##...............##...#


You could see Crazy Yiuf.

Vanquished Creatures
  An adder (D:2)
  3 worms (D:2)
  3 ball pythons (D:1)
  7 bats
  7 endoplasms
  4 giant cockroaches
  2 goblins
  4 hobgoblins
  4 jackals (D:1)
  A kobold (D:1)
  3 quokkas
  A frilled lizard (D:1)
  3 rats
43 creatures vanquished.

Notes
Turn   | Place    | Note
-------+----------+-------------------------------------------
     0 | D:1      | MisterFreud the Formicid Gladiator began the quest for the
                  | Orb.
     0 | D:1      | Reached XP level 1. HP: 16/16 MP: 1/1
    82 | D:1      | Reached XP level 2. HP: 19/22 MP: 2/2
   452 | D:1      | Reached skill level 4 in Staves
   452 | D:1      | Reached XP level 3. HP: 27/27 MP: 3/3
  1028 | D:1      | Found a faded altar of an unknown god.
  1235 | D:2      | Reached XP level 4. HP: 18/33 MP: 4/4
  1256 | D:2      | Identified the +7 hammer of the Sun {drain, Fly rF- Str-5
                  | Stlth+}
  1505 | D:2      | Found Genetruud's Armour Emporium.
  1903 | D:2      | Found a runed translucent door.
  1904 | D:2      | Noticed Crazy Yiuf
  1912 | D:2      | Slain by Crazy Yiuf

Illustrated notes

Levels and vault maps discovered:
D:1:      lemuel_arrival_muddy, layout_basic,
          shapermc_ecumenical_altar_mp_vishouse
D:2:      layout_basic, serial_shops, nicolae_diamond_shop,
          hangedman_abyss_or_decor_stabs, uniq_crazy_yiuf_cottage

Skill      XL: |  1  2 |
---------------+-------+-----
Staves         | 4 |  4.9
Fighting       | |  2.1
Throwing       | |  2.0
Dodging        | |  2.6

Action                   |  1- 3 |  4- 6 || total
-------------------------+-------+-------++-------
Melee: Quarterstaff      |    83 |    17 ||   100
       Punch             |     1 |       ||     1
Throw: Boomerang         |     2 |       ||     2
 Abil: Shaft Self        |       |     1 ||     1
  Use: Scroll            |     2 |       ||     2
       Potion            |       |     2 ||     2
 Stab: Sleeping          |     2 |       ||     2
Armor: Leather armour    |    32 |     1 ||    33
Dodge: Dodged            |    55 |     6 ||    61
